 Dungeon Crawl Stone Soup version 0.27.1-33-g824d729ab1 (webtiles) character file.

Game seed: 16000079060765431806

504 H0rd4k the Charlatan (level 7, 0/51 HPs)
             Began as a Human Artificer on Dec 22, 2021.
             Slain by a gnoll (14 damage)
             ... on level 4 of the Dungeon.
             The game lasted 00:05:39 (4765 turns).

H0rd4k the Charlatan (Human Artificer)              Turns: 4765, Time: 00:05:40

Health: 0/51       AC:  3    Str: 13      XL:     7   Next: 41%
Magic:  7/7        EV: 12    Int: 13      God:
Gold:   154        SH:  0    Dex: 12 (13) Spells: 6/6 levels left

rFire    . . .     SeeInvis .   a - +0 dagger (venom)
rCold    . . .     Faith    .   (no shield)
rNeg     . . .     Spirit   .   b - +0 leather armour
rPois    .         Reflect  .   (no helmet)
rElec    .         Harm     .   (no cloak)
rCorr    .         Rampage  .   (no gloves)
Will     .....                  (no boots)
Stlth    ++........             (no amulet)
HPRegen  0.17/turn              (no ring)
MPRegen  0.10/turn              (no ring)

@: no status effects
A: no striking features
a: no special abilities


You were on level 4 of the Dungeon.
You visited 1 branch of the dungeon, and saw 4 of its levels.

You collected 154 gold pieces.

Inventory:

Hand Weapons
 a - a +0 dagger of venom (weapon)
 f - a +2 dagger of protection
 h - a +0 dagger
 s - a +0 long sword of flaming
Armour
 b - a +0 leather armour (worn)
Jewellery
 i - a ring of magical power
 q - an amulet of reflection
Wands
 c - a wand of flame (7) (quivered)
 d - a wand of charming (9)
Scrolls
 g - a scroll of silence {unknown}
 j - a scroll of enchant armour {unknown}
 m - a scroll of torment {unknown}
 n - a scroll of amnesia {unknown}
 o - a scroll of teleportation {unknown}
 p - 5 scrolls of identify {unknown}
Potions
 k - 2 potions of flight {unknown}
 l - a potion of degeneration
 r - a potion of mutation {unknown}
Miscellaneous
 e - a piece from Xom's chessboard (15/15)


   Skills:
 + Level 2.3 Fighting
 + Level 1.6 Short Blades
 + Level 1.4 Maces & Flails
 + Level 3.7 Armour
 + Level 3.7 Dodging
 + Level 2.8 Stealth
 + Level 4.1 Evocations


You had 6 spell levels left.
You didn't know any spells.
Your spell library contained the following spells:

 Spells                   Type           Power      Damage    Failure   Level
 Ozocubu's Armour         Ice            0%         N/A       75%         3
 Ozocubu's Refrigeration  Ice            0%         4d5       100%        7


Dungeon Overview and Level Annotations

Branches:
Dungeon (4/15)
 Temple: D:4-7

Altars:

Shops:
D:1 =   D:4 =

Annotations:
D:2 exclusion: downstairs
D:3 exclusion: downstairs
D:4 exclusion: upstairs


Message History

The gnoll drinks a potion.
The gnoll goes berserk!
You barely miss the gnoll. The gnoll misses you.
You hit the gnoll but do no damage.
The gnoll looks as sick as possible!
The gnoll is lightly wounded.
The gnoll closely misses you.
You hit the gnoll but do no damage.
The gnoll looks as sick as possible!
The gnoll is lightly wounded.
The gnoll barely misses you.
You hit the gnoll.
The gnoll looks as sick as possible!
The gnoll is heavily wounded.
The gnoll hits you with a +0 whip.
You hit the gnoll.
The gnoll looks as sick as possible!
The gnoll is severely wounded.
The gnoll closely misses you.
You kill the gnoll!
You hit the gnoll.
The gnoll is poisoned.
The gnoll is lightly wounded.
The gnoll hits you but does no damage.
You closely miss the gnoll.
The gnoll is lightly wounded.
The gnoll rages.
The gnoll barely misses you.
You hit the gnoll.
The gnoll looks as sick as possible!
The gnoll is moderately wounded.
The gnoll hits you with a +0 whip.
You kill the gnoll!
You hit the gnoll.
The gnoll is poisoned.
The gnoll is lightly wounded.
The gnoll hits you but does no damage.
You hit the gnoll but do no damage.
The gnoll looks as sick as possible!
The gnoll is lightly wounded.
The gnoll hits you with a +0 whip. The gnoll hits you with a +0 whip!
Your leather armour prevents you from hitting the gnoll.
The gnoll is lightly wounded.
The gnoll hits you with a +0 whip!
* * * LOW HITPOINT WARNING * * *
The gnoll closely misses you. The gnoll closely misses you.
The gnoll hits you with a +0 whip!
You die...

### ##.# ##### ### ###.## ≈≈≈≈#
##.####.#.# ...≈# #######
##.....)...# ...≈#
##.....####.....###)##
...≈###..#............###.###
...≈#...##......@g....#...g.###
...≈#.#####.....#.....÷.......##.
...≈#.# ##...####..##.........#.
.†.≈#.# ##...## #..##...........
...≈#.###....# #..#............
...≈#..).###.## #..#.†..........
≈≈.≈##.### #..# #...........g...
##'##..######.# ##..............
............#)####...............


You could see a gnoll (berserk, very poisoned).

Vanquished Creatures
  A black bear (D:4)
  A necrophage (D:3)
  An ogre (D:4)
  A centaur skeleton (D:4)
  An iguana (D:4)
  Natasha (twice) (D:3)
  3 gnolls
  2 adders
  A river rat (D:3)
  A worm (D:3)
  2 dart slugs
  2 orcs (D:3)
  3 ball pythons
  8 endoplasms
  2 giant cockroaches
  4 goblins
  3 hobgoblins (D:1)
  6 quokkas
  A bat (D:1)
  A frilled lizard (D:3)
  4 kobolds
  10 rats
60 creatures vanquished.

Vanquished Creatures (collateral kills)
  An ogre (D:4)
  An orc wizard (D:3)
  Natasha (D:3)
  2 gnolls (D:3)
  An adder skeleton (D:4)
  An orc (D:3)
  An endoplasm (D:3)
  A hobgoblin (D:4)
  A rat (D:3)
10 creatures vanquished.

Vanquished Creatures (others)
  An orc (D:3)
  A gnoll (D:3)
2 creatures vanquished.

Grand Total: 72 creatures vanquished

Notes
Turn   | Place    | Note
-------+----------+-------------------------------------------
     0 | D:1      | H0rd4k the Human Artificer began the quest for the Orb.
     0 | D:1      | Reached XP level 1. HP: 15/15 MP: 1/1
   342 | D:1      | Reached XP level 2. HP: 14/21 MP: 2/2
   915 | D:1      | Reached XP level 3. HP: 18/26 MP: 3/3
  1135 | D:1      | Found Joiraixt's Jewellery Shop.
  1851 | D:2      | Found a faded altar of an unknown god.
  2519 | D:3      | Noticed a necrophage
  2537 | D:3      | Reached skill level 1 in Maces & Flails
  2537 | D:3      | Reached XP level 4. HP: 4/32 MP: 4/4
  3168 | D:3      | Killed Natasha
  3169 | D:3      | Reached XP level 5. HP: 29/37 MP: 5/5
  3591 | D:4      | Noticed an ogre
  3604 | D:4      | Noticed an ogre
  3624 | D:4      | Killed an ogre
  3654 | D:4      | Found Soraunu's Jewellery Emporium.
  3681 | D:4      | Reached skill level 1 in Short Blades
  3681 | D:4      | Reached XP level 6. HP: 8/44 MP: 6/6
  3993 | D:3      | Noticed Natasha
  4005 | D:3      | Killed Natasha
  4033 | D:3      | Noticed Natasha
  4047 | D:3      | Killed Natasha
  4173 | D:3      | Killed a necrophage
  4174 | D:3      | Reached skill level 4 in Evocations
  4461 | D:4      | Reached XP level 7. HP: 45/50 MP: 7/7
  4765 | D:4      | Slain by a gnoll

Illustrated notes

Levels and vault maps discovered:
D:1:      moated_graveyard_arrival, layout_loops_ring, serial_shops,
          nicolae_shop_temple_entry_statues_fountains
D:2:      layout_loops_ring, hellmonk_ecumenical_altar_lost_god
D:3:      layout_basic, gup_sewer_entry_bubbles, minmay_misc_feat_encased,
          uniq_natasha
D:4:      layout_layer_cave, serial_shops, shop, nicolae_take_the_stairs,
          corexii_corridor_pit, kennysheep_small_spiral

Skill      XL: |  1  2  3  4  5  6 |
---------------+-------------------+-----
Maces & Flails | 1 |  1.4
Dodging        | 2 3 |  3.7
Stealth        | 2 |  2.8
Short Blades   | 1 |  1.6
Armour         | 3 |  3.7
Fighting       | 2 |  2.3
Evocations     | 4 |  4.1

Action                   |  1- 3 |  4- 6 |  7- 9 || total
-------------------------+-------+-------+-------++-------
Melee: Club              |    48 |       |       ||    48
       Dagger            |    74 |   120 |    27 ||   221
Evoke: Wand              |     3 |    11 |       ||    14
  Use: Potion            |     1 |     2 |       ||     3
 Stab: Sleeping          |     3 |     1 |       ||     4
       Betrayed ally     |       |     1 |       ||     1
Armor: Leather armour    |    28 |    23 |     5 ||    56
Dodge: Dodged            |    65 |    84 |    16 ||   165
